 Dungeon Crawl Stone Soup version 0.29.1-15-g9cfb28693d (webtiles) character file.

Game seed: 3101889852707774197

712682 Ijustatesigmund the Archmage (level 27, -3/156 (160) HPs)
             Began as a Deep Elf Conjurer on Feb 28, 2023.
             Was the Champion of Vehumet.
             Slain by a shard shrike (9 damage)
             ... on level 5 of Cocytus on Mar 6, 2023.
             The game lasted 09:39:16 (122443 turns).

Ijustatesigmund the Archmage (Deep Elf Conjurer)  Turns: 122443, Time: 09:39:18

HP:   -3/156 (160)  AC: 35    Str: 16 (18) XL:     27
MP:   65/65         EV: 18    Int: 47      God:    Vehumet [******]
Gold: 4942          SH: 10    Dex: 12      Spells: 2/80 levels left

rFire   + + +      SeeInvis .   O - +11 demon blade of Diet Blood {flame, rC++ rCorr}
rCold   + + +      Faith    .   a - +4 buckler of the Dungeon {rC+ Will+ Int+6}
rNeg    + + +      Spirit   .   s - +4 troll leather armour of Disguise {rF+ Regen+}
rPois   ∞          Reflect  .   r - +4 helmet "Kionantigu" {Str+4 Int+4}
rElec   +          Harm     .   u - +2 cloak {Will+}
rCorr   +          Rampage  .   m - +2 pair of gloves {Stlth+}
Will    +++++                   C - +2 pair of boots of Valour {Contam +Blink rElec rN+++}
Stlth   ++++++++..              o - amulet "Kom Dyv" {RegenMP rF++ rCorr MP+9}
HPRegen 1.16/turn               q - ring "Taurupibait" {rPois rC+ rN+ AC+4}
MPRegen 0.79/turn               T - ring of the Griffon {rF+ rC+ Str+6}

@: lich-form, very slightly contaminated, studying Ranged Weapons, lightly
drained, unable to drink
A: draining attack, torment immunity, no potions, poison resistance, strong 1
}: 4/15 runes: serpentine, barnacled, slimy, silver
a: End Transformation, Renounce Religion, Evoke Blink


You were on level 5 of Cocytus.
You worshipped Vehumet.
Vehumet was exalted by your worship.
You were an undead lich.
You visited 16 branches of the dungeon, and saw 62 of its levels.
You visited the Abyss 2 times.
You visited 1 bazaar.
You also visited: Ice Cave, Volcano, Wizlab and Desolation.

You collected 9636 gold pieces.
You spent 4694 gold pieces at shops.

Inventory:

Hand Weapons
 b - the +7 sling "Hydrabane" {vorpal, rF- rN+++ Int+6}
   (You found it on level 1 of the Elven Halls)

   Any ammunition fired from it inflicts extra damage upon your enemies.
   Int:       It affects your intelligence (+6).
   rF:        It makes you vulnerable to fire.
   rN:        It renders you almost immune to negative energy.
 O - the +11 demon blade of Diet Blood (weapon) {flame, rC++ rCorr}
   (You bought it in a shop on level 1 of the Snake Pit)

   It burns those it strikes, dealing additional fire damage.
   Big, fiery blades are also staple armaments of hydra-hunters.
   rC:        It greatly protects you from cold.
   rCorr:     It protects you from acid and corrosion.
Armour
 a - the +4 buckler of the Dungeon (worn) {rC+ Will+ Int+6}
   (You acquired it on level 5 of the Vaults)

   Int:       It affects your intelligence (+6).
   rC:        It protects you from cold.
   Will:      It increases your willpower.
 m - a +2 pair of gloves of stealth (worn)
 r - the +4 helmet "Kionantigu" (worn) {Str+4 Int+4}
   (You acquired it on level 2 of the Lair of Beasts)

   Str:       It affects your strength (+4).
   Int:       It affects your intelligence (+4).
 s - the +4 troll leather armour of Disguise (worn) {rF+ Regen+}
   (You took it off a deep elf death mage on level 3 of the Elven Halls)

   rF:        It protects you from fire.
   Regen:     It increases your rate of health regeneration.
 u - a +2 cloak of willpower (worn)
 C - the +2 pair of boots of Valour (worn) {Contam +Blink rElec rN+++}
   (You found it on level 15 of the Dungeon)

   rElec:     It insulates you from electricity.
   rN:        It renders you almost immune to negative energy.
   +Blink:    It lets you blink.
   Contam:    It causes magical contamination when unequipped.
Magical Staves
 G - a staff of earth
Jewellery
 l - a ring of wizardry
 o - the amulet "Kom Dyv" (around neck) {RegenMP rF++ rCorr MP+9}
   (You found it in the Desolation of Salt)

   [amulet of magic regeneration]

   It increases your rate of magic regeneration.
   rF:        It greatly protects you from fire.
   MP:        It affects your magic capacity (+9).
   rCorr:     It protects you from acid and corrosion.
 q - the ring "Taurupibait" (left hand) {rPois rC+ rN+ AC+4}
   (You took it off an imperial myrmidon in the Desolation of Salt)

   [ring of protection]

   AC:        It affects your AC (+4).
   rC:        It protects you from cold.
   rPois:     It protects you from poison.
   rN:        It protects you from negative energy.
 y - the ring "Etzuliuh" {MP+9 EV+4 Str+6}
   (You found it in the Desolation of Salt)

   [ring of evasion]

   EV:        It affects your evasion (+4).
   Str:       It affects your strength (+6).
   MP:        It affects your magic capacity (+9).
 S - an amulet of the acrobat
 T - the ring of the Griffon (right hand) {rF+ rC+ Str+6}
   (You bought it in a shop on level 2 of the Orcish Mines)

   [ring of strength]

   Str:       It affects your strength (+6).
   rF:        It protects you from fire.
   rC:        It protects you from cold.
 V - an amulet of reflection
Wands
 e - a wand of quicksilver (8)
 g - a wand of digging (26)
 n - a wand of roots (12)
 z - a wand of polymorph (10)
 K - a wand of paralysis (15)
 U - a wand of flame (46)
Scrolls
 c - 4 scrolls of teleportation
 h - 2 scrolls of blinking
 i - 13 scrolls of immolation
 t - 2 scrolls of brand weapon
 v - a scroll of summoning
 w - 37 scrolls of identify
 x - 2 scrolls of amnesia
 B - 5 scrolls of poison
 D - 4 scrolls of silence
 H - 8 scrolls of fear
 N - a scroll of enchant armour
 X - 7 scrolls of magic mapping
 Z - 7 scrolls of butterflies
Potions
 d - 28 potions of curing
 f - 5 potions of cancellation
 j - 15 potions of mutation
 k - 22 potions of flight
 p - 8 potions of brilliance
 A - 5 potions of berserk rage
 F - 3 potions of magic
 I - 10 potions of heal wounds
 J - 12 potions of lignification
 L - 7 potions of ambrosia
 Q - 4 potions of might
 R - 15 potions of attraction
 W - a potion of resistance
 Y - 4 potions of invisibility
Miscellaneous
 E - a phial of floods
 M - a phantom mirror
 P - a condenser vane


   Skills:
 + Level 13.2 Fighting
 - Level 1.0(9.8) Short Blades
 + Level 13.9 Long Blades
 - Level 13.0 Ranged Weapons
 + Level 9.6 Armour
 + Level 15.6 Dodging
 - Level 19.3 Stealth
 + Level 7.7 Shields
 O Level 27 Spellcasting
 - Level 16.3 Conjurations
 + Level 14.9 Summonings
 - Level 13.6 Necromancy
 - Level 5.3 Translocations
 - Level 15.0 Transmutations
 - Level 3.2 Fire Magic
 - Level 22.4 Ice Magic
 - Level 4.2 Air Magic
 - Level 20.5 Earth Magic
 - Level 4.6 Poison Magic
 - Level 11.0 Evocations


You had 2 spell levels left.
You knew the following spells:

 Your Spells              Type           Power      Damage    Failure   Level
a - Magic Dart            Conj           100%       1d8       0%          1
b - Necromutation         Tmut/Necr      69%        N/A       4%          8
c - Polar Vortex          Ice            67%        N/A       1%          9
d - Frozen Ramparts       Ice            100%       1d16      0%          3
e - Iron Shot             Conj/Erth      63%        9d12      0%          6
f - Iskenderun's Mystic   Conj/Tloc      100%       2d19      1%          4
g - Ozocubu's Refrigerat  Ice            67%        4d22      0%          7
h - Shatter               Erth           65%        3d48*     1%          9
i - Apportation           Tloc           100%       N/A       1%          1
j - Blink                 Tloc           100%       N/A       1%          2
k - Passwall              Tmut/Erth      100%       N/A       0%          2
l - Spellforged Servitor  Conj/Summ      59%        N/A       1%          7
m - Lehudib's Crystal Sp  Conj/Erth      63%        10d14     1%          8
n - Borgnjor's Vile Clut  Necr/Erth      73%        N/A       0%          5
o - Statue Form           Tmut/Erth      82%        N/A       1%          6

Your spell library contained the following spells:

 Spells                   Type           Power      Damage    Failure   Level
 Beastly Appendage        Tmut           100%       N/A       0%          1
 Foxfire                  Conj/Fire      100%       2x1d9     0%          1
 Freeze                   Ice            100%       1d11      0%          1
 Necrotise                Necr           100%       1d9       0%          1
 Sandblast                Erth           100%       2d20      0%          1
 Shock                    Conj/Air       100%       1d9       0%          1
 Sting                    Tmut/Pois      100%       1d8       0%          1
 Summon Small Mammal      Summ           100%       N/A       0%          1
 Ensorcelled Hibernation  Hex/Ice        100%       N/A       0%          2
 Searing Ray              Conj           100%       2d8       0%          2
 Static Discharge         Conj/Air       100%       3-16/arc  0%          2
 Sublimation of Blood     Necr           100%       N/A       0%          2
 Wereblood                Tmut           100%       N/A       0%          2
 Poisonous Vapours        Pois/Air       100%       N/A       1%          2
 Spider Form              Tmut/Pois      100%       N/A       0%          3
 Stone Arrow              Conj/Erth      100%       3d13      0%          3
 Vampiric Draining        Necr           100%       2d13      0%          3
 Animate Armour           Summ/Erth      100%       N/A       0%          4
 Animate Dead             Necr           100%       N/A       0%          4
 Hailstorm                Conj/Ice       100%       3d20      0%          4
 Ice Form                 Ice/Tmut       100%       N/A       0%          4
 Petrify                  Tmut/Erth      100%       N/A       0%          4
 Summon Ice Beast         Ice/Summ       100%       N/A       0%          4
 Blade Hands              Tmut           58%        N/A       0%          5
 Freezing Cloud           Conj/Ice/Air   57%        6-21      0%          5
 Irradiate                Conj/Tmut      59%        3d31      0%          5
 Iskenderun's Battlesphe  Conj           100%       2d15      0%          5
 Confusing Touch          Hex            59%        N/A       1%          3
 Dazzling Flash           Conj/Hex       100%       N/A       1%          3
 Gell's Gravitas          Tloc           85%        N/A       1%          3
 Ignite Poison            Fire/Tmut/Pois 94%        N/A       1%          3
 Lesser Beckoning         Tloc           85%        N/A       1%          3
 Mephitic Cloud           Conj/Pois/Air  97%        N/A       1%          3
 Portal Projectile        Hex/Tloc       100%       N/A       1%          3
 Summon Guardian Golem    Hex/Summ       93%        N/A       1%          3
 Swiftness                Air            81%        N/A       1%          3
 Teleport Other           Tloc           85%        N/A       1%          3
 Tukima's Dance           Hex            59%        N/A       1%          3
 Airstrike                Air            40%        2d(6-22)  1%          4
 Anguish                  Hex/Necr       56%        N/A       1%          4
 Corpse Rot               Necr/Pois/Air  100%       N/A       1%          4
 Flame Wave               Conj/Fire      100%       2d21      1%          4
 Fulminant Prism          Conj/Hex       48%        3d21      1%          4
 Olgreb's Toxic Radiance  Pois           82%        N/A       1%          4
 Passage of Golubria      Tloc           85%        N/A       1%          4
 Sticky Flame             Conj/Fire      100%       2d11      1%          4
 Summon Lightning Spire   Summ/Air       100%       N/A       1%          4
 Agony                    Necr           100%       N/A       1%          5
 Alistair's Intoxication  Tmut/Pois      68%        N/A       1%          5
 Fireball                 Conj/Fire      50%        3d20      1%          5
 Lightning Bolt           Conj/Air       51%        1d72      1%          5
 Manifold Assault         Tloc           85%        N/A       1%          5
 Summon Forest            Summ/Tloc      51%        N/A       1%          5
 Summon Mana Viper        Hex/Summ       93%        N/A       1%          5
 Yara's Violent Unravell  Hex/Tmut       47%        3d18      1%          5
 Conjure Ball Lightning   Conj/Air       51%        3x3d18    1%          6
 Death Channel            Necr           68%        N/A       1%          6
 Simulacrum               Ice/Necr       74%        N/A       1%          6
 Starburst                Conj/Fire      50%        6d14      1%          6
 Summon Cactus Giant      Summ           58%        N/A       1%          6
 Haunt                    Necr/Summ      69%        N/A       1%          7
 Monstrous Menagerie      Summ           58%        N/A       1%          7
 Orb of Destruction       Conj           60%        9d15      1%          7
 Summon Hydra             Summ           58%        N/A       1%          7
 Silence                  Hex/Air        35%        N/A       3%          5
 Malign Gateway           Summ/Tloc      51%        N/A       3%          7
 Dispersal                Tloc           42%        N/A       4%          6
 Storm Form               Tmut/Air       50%        N/A       4%          7
 Borgnjor's Revivificati  Necr           68%        N/A       7%          8
 Infestation              Necr           68%        N/A       7%          8
 Dragon's Call            Summ           58%        N/A       52%         9
 Maxwell's Capacitive Co  Air            40%        ∞         58%         8
 Chain Lightning          Conj/Air       51%        3d68      67%         9
 Ignition                 Fire           38%        3d11      71%         8
 Death's Door             Necr           68%        N/A       71%         9
 Fire Storm               Conj/Fire      50%        8d13      75%         9
 Disjunction              Tloc           42%        N/A       91%         8
 Enfeeble                 Hex            29%        N/A       93%         7


Dungeon Overview and Level Annotations

Branches:
Dungeon (15/15)            Temple (1/1) D:7            Lair (5/5) D:11
 Shoals (4/4) Lair:2        Snake (4/4) Lair:2        Slime (5/5) Lair:5
    Orc (2/2) D:11            Elf (3/3) Orc:2        Vaults (5/5) D:13
  Crypt (3/3) Vaults:2       Tomb (1/3) Crypt:3      Depths (4/4) D:15
   Hell (visited)             Dis (0/7) Hell            Geh (4/7) Hell
    Coc (5/7) Hell            Tar (0/7) Hell            Zot (1/5) Depths:4
  IceCv (visited)         Volcano (visited)          WizLab (visited)
Desolation (visited)

Altars:
Ashenzari
Cheibriados
Dithmenos
Elyvilon
Fedhas
Gozag
Hepliaklqana
Kikubaaqudgha
Makhleb
Nemelex Xobeh
Okawaru
Qazlal
Ru
Sif Muna
Trog
Uskayaw
Vehumet
Wu Jian
Xom
Yredelemnul
Zin
The Shining One
Jiyva
Lugonu

Shops:
D:5 =   D:10 [   Orc:2 :==(   Shoals:1 *   Shoals:4 ?   Snake:1 ((
Snake:2 ::=   Depths:1 *   Depths:4 ((**

Portals:
Hell: Lair:5 Depths:1 Depths:2 Depths:3 Depths:4
Abyss: Depths:1 Depths:3
Pandemonium: Depths:2
Ziggurat: Depths:3

Annotations:
Crypt:1 1 transporter


Innate Abilities, Weirdness & Mutations

You are an undead lich.
Your unarmed attacks are suffused with negative energy.
You are immune to unholy pain and torment.
Your necromantic spells are more powerful.
You cannot drink.
Your system is resistant to poisons. (rPois)
Your muscles are strong. (Str +4, Int/Dex -1)


Message History

The shard shrike is almost dead.
The shard shrike is heavily wounded.
The frost giant is severely wounded.
The Ice Fiend is moderately wounded.
The harpy simulacrum vaporises!
Vehumet accepts your kill.
You feel your power returning.
Ka-crash!
The shard shrike spits a shard of ice at you.
The shard of ice hits you. You partially resist.
* * * LOW HITPOINT WARNING * * *
The shard shrike claws you but does no damage.
The shard shrike barely misses you. The shard shrike misses you.
The shard shrike claws you but does no damage.
You feel your intelligence returning.
Casting: Shatter (dangerous; 1% risk of failure)
Confirm with . or Enter, or press ? or * to list all spells.
The dungeon rumbles!
You kill the shard shrike!
Vehumet accepts your kill.
You feel your power returning.
The shard shrike is almost dead. x2
The shard shrike is severely wounded.
The shard shrike is almost dead. x2
The Ice Fiend is moderately wounded.
You kill the frost giant!
Vehumet accepts your kill.
You feel your power returning.
You hear a splash.
Ka-crash!
The shard shrike claws you but does no damage.
The shard shrike misses you. The shard shrike claws you!
* * * LOW HITPOINT WARNING * * *
The shard shrike freezes you. You resist.
* * * LOW HITPOINT WARNING * * *
The shard shrike claws you!
* * * LOW HITPOINT WARNING * * *
The shard shrike freezes you! You resist.
* * * LOW HITPOINT WARNING * * *
The shard shrike claws you!
You die...

≈≈####≈§≈≈≈≈≈≈≈
.°☼≈≈≈≈≈≈..≈≈~.≈
.#≈.≈≈≈≈1.....≈≈≈
..≈..≈≈..∩^..≈≈≈≈
≈≈≈≈.........≈≈≈#
.^...........≈≈≈#
....>........≈≈##
°≈....bbb....≈≈#
≈≈^..≈bL..○...≈≈≈
≈≈≈..≈b≈.....^...
≈≈..≈≈≈≈≈≈......≈
≈≈.≈≈..≈≈≈≈...≈
≈†^≈#.#..≈≈≈..≈
≈.≈≈....#.≈≈..≈
.≈≈.##.##≈≈...≈
≈.≈. . ≈.≈≈..


You could see 5 shard shrikes and an Ice Fiend.

Vanquished Creatures
  the Royal Jelly (Slime:5)
  4 dread liches
  5 ancient liches
  Mennas (Vaults:5)
  A juggernaut (Depths:4)
  Sojobo (Vaults:5)
  Bai Suzhen (Shoals:3)
  2 shard shrikes (Coc:5)
  A caustic shrike (Depths:3)
  Geryon (Hell)
  6 bone dragons
  2 profane servitors
  A pearl dragon (Abyss:2)
  A shard shrike zombie (Abyss:3)
  2 tentacled monstrosities (Vaults:5)
  Rupert (D:13)
  Jorgrun (D:15)
  3 hellephants
  13 liches
  Asterion (Depths:2)
  6 titans
  Mlioglotl (Snake:4)
  2 deep elf blademasters (Elf:3)
  31 acid blobs
  5 deep elf master archers
  2 quicksilver dragons
  Polyphemus (Shoals:3)
  7 krakens
  6 sphinxes
  5 ancient champions
  25 tentacled starspawn
  2 thorn hunters (WizLab)
  Frances (Shoals:2)
  A death cob (Zot:1)
  3 Executioners
  5 tengu reavers
  Kirke (Snake:4)
  2 shadow dragons (Vaults:5)
  24 azure jellies
  3 fenstrider witches (WizLab)
  7 storm dragons
  A fire giant (shapeshifter) (Elf:2)
  14 nagarajas (Snake:4)
  Ilsuiw (Shoals:2)
  5 iron dragons
  Roxanne (Shoals:3)
  8 frost giants
  26 rockslimes
  12 fire giants
  6 deep elf sorcerers
  3 narguns
  2 orc warlords
  4 revenants
  2 draconian scorchers
  3 cacodemons
  21 vault wardens
  Aizul (Snake:3)
  2 imperial myrmidons (Desolation)
  8 balrugs
  2 angels
  6 curse skulls
  2 ghost moths (Depths:4)
  The ghost of Jafel the Earth Mage, a journeyman DgEE (D:14)
  12 reapers
  4 shard shrike simulacra
  2 ghouls (Crypt:1)
  The ghost of Kuralita the Martial Artist, a journeyman OpTm of Makhleb (D:15)
  A caustic shrike zombie (Abyss:2)
  Louise (Depths:1)
  6 deep elf elementalists
  32 quicksilver oozes
  A juggernaut skeleton (Abyss:1)
  A spriggan defender (Depths:3)
  A quicksilver ooze (shapeshifter) (Vaults:5)
  An ophan (Abyss:3)
  4 war gargoyles (Vaults:5)
  24 ironbound preservers
  40 very ugly things
  4 elemental wellsprings
  21 stone giants
  3 deep elf demonologists
  3 ironbound thunderhulks
  Nessos (Orc:2)
  12 deep elf annihilators
  A halazid warlock (Desolation)
  An entropy weaver (Vaults:3)
  2 eleionomae (WizLab)
  3 purple draconians
  8 spark wasps
  3 yellow draconians
  3 red draconians
  3 white draconians (Depths:4)
  14 dire elephants
  7 wendigos
  3 iron golems (Hell)
  11 eidola
  12 ettins
  3 jiangshi
  13 merfolk impalers
  15 deep elf death magi
  4 green deaths
  9 merfolk javelineers
  15 great orbs of eyes
  5 deep elf high priests
  2 crystal guardians (Desolation)
  4 blizzard demons
  A mummy priest (Crypt:3)
  4 ragged hierophants (Desolation)
  Fannar (Orc:1)
  8 fire dragons
  8 yaktaur captains
  18 ice dragons
  A spriggan air mage (Depths:4)
  A juggernaut simulacrum (Coc:5)
  8 boulder beetles
  4 servants of whispers (Desolation)
  8 ironbound frosthearts
  2 hell beasts (Depths:3)
  38 vault guards
  5 merfolk avatars
  3 peacekeepers (Desolation)
  A quicksilver dragon skeleton (Crypt:3)
  3 shambling mangroves (WizLab)
  A spriggan zombie (Abyss:3)
  3 ogre magi
  5 rakshasas
  3 spriggan skeletons
  2 catoblepae
  8 hydras
  2 alligator snapping turtles (Shoals:4)
  11 anacondas
  5 salamander tyrants
  16 naga warriors
  An anaconda (shapeshifter) (Vaults:5)
  7 satyrs
  18 centaur warriors
  2 merfolk aquamancers (Shoals:4)
  4 death knights
  31 dancing weapons
  13 two-headed ogres
  A stoker (Hell)
  2 deep troll shamans (Depths:3)
  A bennu skeleton (Crypt:1)
  23 hell hogs
  8 tengu warriors
  12 death yaks
  4 deep troll earth magi
  19 naga sharpshooters
  3 orc high priests
  2 hell knights
  2 death scarabs (Tomb:1)
  4 spriggan berserkers
  5 vampire magi
  Urug (Lair:4)
  30 thrashing horrors
  16 soul eaters
  16 sun demons
  19 deep elf knights
  A storm dragon zombie (Crypt:3)
  3 spriggans
  A titan zombie (Crypt:1)
  27 wretched stars
  7 shock serpents
  2 titan skeletons
  Nergalle (Orc:1)
  2 salamander mystics
  3 iron trolls
  A sixfirhy (Lair:5)
  16 skeletal warriors
  5 shadow demons
  17 sea snakes
  2 quicksilver dragon simulacra (Coc:5)
  A storm dragon skeleton (Crypt:3)
  14 glowing orange brains
  A spatial maelstrom (Abyss:3)
  59 deep trolls
  A ghost moth zombie (Crypt:1)
  4 shadow wraiths
  5 flayed ghosts
  2 spectral anacondas (Snake:1)
  9 wizards
  5 anaconda zombies
  19 deep elf archers
  A bunyip zombie (Abyss:3)
  4 naga ritualists (Snake:4)
  A spriggan simulacrum (Abyss:3)
  69 starcursed masses
  20 ironbound convokers
  30 deep elf zephyrmancers
  9 orc knights
  2 lindwurms
  41 deep elf pyromancers
  24 necromancers
  31 harpies
  2 anaconda skeletons
  3 shining eyes
  6 orc sorcerers
  12 phantasmal warriors
  2 oklob plants
  4 wolf spiders (Crypt:3)
  17 fauns
  16 manticores
  8 worldbinders
  A shadow dragon skeleton (Vaults:2)
  8 cyclopes
  7 elephants
  A fire giant zombie (Crypt:2)
  48 ugly things
  8 mana vipers
  19 salamanders
  A goliath frog skeleton (Crypt:1)
  A manticore (shapeshifter) (Abyss:2)
  2 stone giant skeletons
  8 rust devils
  3 moths of wrath (Zot:1)
  4 frost giant skeletons
  13 guardian serpents
  10 orange demons
  6 apocalypse crabs
  A tengu skeleton (Vaults:2)
  12 vault sentinels
  8 water nymphs
  8 merfolk sirens
  30 black mambas
  4 ice statues
  A centaur zombie (Crypt:1)
  A shock serpent zombie (Crypt:1)
  2 black mambas (shapeshifter)
  5 eyes of devastation
  2 titan simulacra
  Joseph (D:7)
  2 gargoyles
  14 naga magi
  A torpor snail (Lair:3)
  16 smoke demons
  2 centaur skeletons (Crypt:3)
  3 dire elephant skeletons
  4 rime drakes
  An alligator snapping turtle skeleton (Crypt:3)
  11 cane toads
  2 hellions
  5 komodo dragons
  2 kobold demonologists
  A catoblepas zombie (Crypt:1)
  3 demonic crawlers
  A redback zombie (Crypt:2)
  3 unseen horrors
  17 freezing wraiths
  A cane toad (shapeshifter) (Abyss:2)
  26 yaktaurs
  11 anaconda simulacra
  5 tengu conjurers
  A hydra zombie (Hell)
  14 ice devils
  2 yaktaur skeletons (Vaults:2)
  4 red devils
  4 tormentors
  14 hellwings
  A sea snake skeleton (Hell)
  An efreet (Abyss:3)
  7 harpy zombies
  4 human skeletons (Vaults:2)
  13 ancient zymes
  An iron giant simulacrum (Coc:4)
  2 elf skeletons (Vaults:2)
  4 guardian mummies
  A meliai (shapeshifter) (Abyss:2)
  A yellow draconian skeleton (Crypt:1)
  12 trolls
  3 meliai (D:14)
  2 polar bears
  34 merfolk
  2 tarantellas (shapeshifter) (Vaults:5)
  8 wind drakes
  An alligator zombie (Hell)
  54 raiju
  A merfolk (shapeshifter) (Abyss:3)
  9 hornets
  4 harpy skeletons
  9 snapping turtles
  2 hydra skeletons
  A satyr zombie (Crypt:1)
  10 dream sheep (Lair:5)
  A dream sheep (shapeshifter) (Vaults:5)
  26 saltlings (Desolation)
  119 slime creatures
  17 blink frogs
  2 iron dragon simulacra (Coc:2)
  A jumping spider (Crypt:3)
  2 centaur simulacra
  3 stone giant simulacra
  A death drake skeleton (Crypt:2)
  An alligator skeleton (Hell)
  11 flying skulls (Abyss:3)
  18 ynoxinuls
  3 shadows
  2 vampires
  6 air elementals
  4 fire elementals
  A wind drake zombie (Crypt:2)
  2 ushabtiu (Tomb:1)
  7 water elementals
  12 wraiths
  3 hogs (Snake:4)
  3 wyverns
  2 humans (D:15)
  11 fire bats
  45 yaks
  3 dire elephant simulacra
  2 alligator snapping turtle simulacra
  10 chaos spawn
  68 large abominations
  4 golden eyes (Abyss:3)
  11 vampire mosquitoes
  A steam dragon (D:9)
  A death yak simulacrum (IceCv)
  3 basilisks
  14 neqoxecs
  43 small abominations
  5 redbacks
  4 wargs
  Menkaure (D:4)
  A spatial vortex (Abyss:3)
  8 harpy simulacra
  2 human zombies
  2 acid dragons
  4 hydra simulacra
  46 nagas
  13 water moccasins
  A cane toad zombie (Crypt:2)
  17 hell hounds
  A glowing shapeshifter skeleton (Depths:3)
  3 ice beasts
  A demonspawn skeleton (Crypt:2)
  2 merfolk skeletons
  24 orc warriors
  2 sky beasts
  5 black bears
  11 ettin simulacra
  21 ogres
  A deep troll simulacrum (Vaults:2)
  12 wolves
  5 boggarts (Vaults:2)
  9 centaurs
  2 phantoms
  A yaktaur zombie (Crypt:2)
  3 kobold brigands (D:9)
  A gnoll sergeant (D:9)
  2 necrophages (Crypt:1)
  3 earth elementals
  3 scorpions
  11 bullfrogs
  2 naga simulacra
  A demonspawn simulacrum (Hell)
  6 wyvern skeletons (Crypt:3)
  A cane toad simulacrum (IceCv)
  10 wights
  3 killer bees (D:8)
  2 electric eels
  6 howler monkeys
  A wolf zombie (Crypt:2)
  10 quasits
  6 iron imps
  2 jellies
  5 hounds
  9 orc priests
  A gnoll bouda (D:7)
  An iguana (shapeshifter) (Vaults:5)
  2 iguanas
  18 orc wizards
  2 polar bear simulacra (IceCv)
  A wolf simulacrum (IceCv)
  An acid dragon zombie (Crypt:1)
  2 human simulacra (D:9)
  3 mummies
  Robin (D:2)
  8 gnolls
  5 adders
  A shadow imp (D:8)
  12 white imps
  12 ufetubi
  3 worms
  2 dart slugs (D:4)
  84 orcs
  9 ball pythons
  A bat zombie (Crypt:2)
  8 endoplasms
  4 giant cockroaches
  12 goblins
  10 hobgoblins
  4 jackals
  2 quokkas
  2 bats
  A frilled lizard (D:3)
  10 kobolds
  7 rats
  4 fire vortices
  4 lurking horrors
  25 starspawn tentacles
  14 tentacles
  4 withered plants (Crypt:3)
3166 creatures vanquished.

Vanquished Creatures (collateral kills)
  Boris (Vaults:5)
  A bone dragon (Abyss:3)
  A tentacled monstrosity (Vaults:5)
  Zenata (Elf:3)
  2 searing wretches (Geh:4)
  A sphinx (Tomb:1)
  4 tentacled starspawn
  11 acid blobs (Slime:5)
  A revenant (Crypt:1)
  A tengu reaver (Vaults:5)
  3 rockslimes (Slime:5)
  4 azure jellies (Slime:5)
  A frost giant (Coc:3)
  A balrug (Abyss:3)
  An imperial myrmidon (Desolation)
  2 vault wardens
  A juggernaut zombie (Crypt:3)
  2 caustic shrike zombies (Crypt:3)
  A reaper (Crypt:3)
  3 quicksilver oozes (Slime:5)
  A stone giant (Depths:1)
  4 very ugly things
  A putrid mouth (Hell)
  A wendigo (Coc:3)
  A spark wasp (Depths:1)
  A red draconian (Depths:4)
  2 deep elf death magi
  A blizzard demon (Hell)
  3 eidola (Crypt:3)
  A yaktaur captain (Vaults:4)
  An ettin (Depths:2)
  2 ice dragons (Depths:2)
  A servant of whispers (Desolation)
  5 peacekeepers (Desolation)
  A rakshasa (Abyss:4)
  3 dancing weapons (Elf:1)
  2 death scarabs (Tomb:1)
  A hell hog (Geh:2)
  2 tengu warriors
  2 death yaks (Lair:4)
  3 spriggan berserkers
  A titan zombie (Crypt:3)
  6 thrashing horrors
  A storm dragon zombie (Abyss:1)
  3 sun demons
  2 spriggans (Depths:3)
  A deep elf knight (Elf:1)
  A soul eater (Hell)
  A sixfirhy (Abyss:4)
  A goliath frog (shapeshifter) (Elf:2)
  2 wretched stars
  A deep troll (Vaults:4)
  A deep elf archer (Elf:1)
  A glowing orange brain (Slime:5)
  A phantasmal warrior (Abyss:3)
  A fenstrider witch simulacrum (Abyss:3)
  2 deep elf pyromancers (Elf:1)
  5 deep elf zephyrmancers
  An orc knight (Vaults:5)
  2 necromancers (Crypt:3)
  2 ugly things
  A stone giant zombie (Abyss:1)
  2 guardian serpents (Desolation)
  An ice statue (Hell)
  An orange demon (Abyss:4)
  6 smoke demons
  A kobold demonologist (Abyss:3)
  An anaconda simulacrum (Coc:1)
  A freezing wraith (Coc:3)
  3 ancient zymes
  A tengu conjurer (Depths:2)
  3 hellwings
  A guardian mummy (Tomb:1)
  A harpy zombie (Crypt:1)
  5 large abominations
  5 raiju
  16 saltlings (Desolation)
  A shadow dragon simulacrum (Coc:1)
  A hornet (Depths:3)
  2 slime creatures (Slime:5)
  4 blink frogs (Lair:4)
  An ettin zombie (Crypt:3)
  An iron dragon simulacrum (Coc:3)
  A starcursed mass (Abyss:4)
  2 wraiths
  A shadow (Abyss:3)
  A ynoxinul (Abyss:3)
  An air elemental (Abyss:1)
  2 fire bats (Abyss:3)
  A vampire (Abyss:3)
  A water elemental (Hell)
  A neqoxec (Abyss:3)
  A yak (Lair:4)
  3 fire elementals
  2 golden eyes
  A chaos spawn (Abyss:4)
  2 harpy simulacra (Coc:1)
  2 spatial vortices (Abyss:3)
  A floating eye (Depths:3)
  An ettin simulacrum (Coc:3)
  2 wyvern skeletons (Crypt:3)
  A swamp dragon simulacrum (Coc:1)
  5 small abominations
  A quasit (Abyss:1)
  2 iron imps
  A white imp (Abyss:2)
  A creeping inferno (Hell)
  A fire vortex (Hell)
  A starspawn tentacle (Abyss:3)
216 creatures vanquished.

Vanquished Creatures (others)
  2 thrashing horrors (Abyss:4)
  A deep elf zephyrmancer (Elf:2)
  A hellion (Hell)
  An anaconda simulacrum (Coc:3)
  A raiju (Abyss:4)
  A water elemental (Elf:1)
  A human (Snake:4)
  A large abomination (Abyss:3)
  2 bushes
  A creeping inferno (Hell)
  2 fire vortices (Hell)
  23 foxfires
  28 fungi
  A lurking horror (Abyss:2)
  133 plants
  42 starspawn tentacles
  21 tentacles
  10 toadstools
  29 withered plants (Crypt:3)
301 creatures vanquished.

Grand Total: 3683 creatures vanquished

Notes
Turn   | Place    | Note
-------+----------+-------------------------------------------
     0 | D:1      | Ijustatesigmund the Deep Elf Conjurer began the quest for
                  | the Orb.
     0 | D:1      | Reached XP level 1. HP: 10/10 MP: 6/6
   451 | D:1      | Reached XP level 2. HP: 15/15 MP: 4/8
   878 | D:1      | Learned a level 2 spell: Searing Ray
   881 | D:1      | Learned a level 2 spell: Poisonous Vapours
  1229 | D:1      | Reached skill level 5 in Conjurations
  1322 | D:1      | Found a faded altar of an unknown god.
  1858 | D:2      | Reached XP level 3. HP: 19/19 MP: 8/10
  2187 | D:2      | Noticed Robin
  2201 | D:2      | Killed Robin
  2202 | D:2      | Reached skill level 1 in Poison Magic
  2442 | D:2      | Reached skill level 1 in Air Magic
  2825 | D:2      | Reached skill level 4 in Spellcasting
  2825 | D:2      | Reached XP level 4. HP: 24/24 MP: 6/12
  2913 | D:2      | Learned a level 3 spell: Frozen Ramparts
  3131 | D:2      | You fall into a shaft and drop 2 floors!
  3148 | D:4      | Reached skill level 1 in Ice Magic
  3250 | D:4      | Reached XP level 5. HP: 26/28 MP: 1/13
  3566 | D:4      | Found a blossoming altar of Fedhas.
  4568 | D:4      | Noticed a black bear
  4568 | D:4      | Noticed a black bear
  4568 | D:4      | Found a bloodstained altar of Trog.
  4576 | D:3      | Killed a black bear
  4844 | D:4      | Found a stormy altar of Qazlal.
  5149 | D:4      | Noticed an ogre
  5155 | D:4      | Killed an ogre
  5156 | D:4      | Reached XP level 6. HP: 32/32 MP: 4/14
  5586 | D:4      | Noticed Menkaure
  5596 | D:4      | Killed Menkaure
  5597 | D:4      | Reached XP level 7. HP: 28/36 MP: 2/15
  5889 | D:4      | Found a broken altar of Ashenzari.
  5954 | D:4      | Found an iron altar of Okawaru.
  6661 | D:3      | Found an ornate altar of the Wu Jian Council.
  7129 | D:4      | Learned a level 6 spell: Iron Shot
  7411 | D:5      | Entered Level 5 of the Dungeon
  7751 | D:5      | Reached skill level 1 in Earth Magic
  8095 | D:5      | Reached XP level 8. HP: 36/41 MP: 7/16
  8254 | D:5      | Found Zah Ymou's Jewellery Boutique.
  8548 | D:6      | Reached skill level 5 in Earth Magic
  9498 | D:7      | Found a staircase to the Ecumenical Temple.
  9503 | D:7      | Reached skill level 1 in Evocations
  9699 | Temple   | Entered the Ecumenical Temple
 10305 | D:7      | Noticed Joseph
 10318 | D:7      | Killed Joseph
 10319 | D:7      | Reached skill level 5 in Spellcasting
 10319 | D:7      | Reached XP level 9. HP: 32/45 MP: 2/18
 11622 | D:8      | Noticed a troll
 11636 | D:8      | Killed a troll
 11637 | D:8      | Reached skill level 1 in Fighting
 12057 | D:8      | Reached skill level 6 in Spellcasting
 12488 | D:8      | Reached skill level 7 in Spellcasting
 12496 | D:8      | Learned a level 4 spell: Iskenderun's Mystic Blast
 12999 | D:9      | Noticed a kobold demonologist
 13004 | D:9      | Noticed a sixfirhy
 13009 | D:9      | Gained mutation: You occasionally shout uncontrollably at
                  | your foes. [a neqoxec]
 13011 | D:9      | Killed a kobold demonologist
 13012 | D:9      | Reached skill level 1 in Ranged Weapons
 13012 | D:9      | Reached skill level 1 in Translocations
 13012 | D:9      | Reached XP level 10. HP: 40/52 MP: 23/23
 13149 | D:9      | Lost mutation: You occasionally shout uncontrollably at
                  | your foes. [potion of mutation]
 13149 | D:9      | Gained mutation: You are agile. (Dex +4, Str/Int -1)
                  | [potion of mutation]
 13186 | D:9      | Lost mutation: You are agile. (Dex +4, Str/Int -1) [potion
                  | of mutation]
 13186 | D:9      | Gained mutation: You are agile. (Dex +4, Str/Int -1)
                  | [potion of mutation]
 13186 | D:9      | Lost mutation: You are agile. (Dex +4, Str/Int -1) [potion
                  | of mutation]
 13186 | D:9      | Gained mutation: You do not regenerate when monsters are
                  | visible. [potion of mutation]
 13186 | D:9      | Gained mutation: You are partially covered in iridescent
                  | scales. (AC +2) [potion of mutation]
 13874 | D:5      | Bought a ring of wizardry for 420 gold pieces
 14081 | D:9      | Noticed a centaur warrior
 14088 | D:9      | Killed a centaur warrior
 14089 | D:9      | Reached skill level 8 in Spellcasting
 14227 | D:9      | Identified the +5 quarterstaff of Equivalence {speed, rF+
                  | rN+}
 14718 | D:9      | Found a radiant altar of Vehumet.
 14723 | D:9      | Found an ancient bone altar of Kikubaaqudgha.
 14728 | D:9      | Found a shimmering blue altar of Sif Muna.
 14735 | D:9      | Became a worshipper of Vehumet
 14743 | D:9      | Got Sif Muna's Compilation of the Excursion
 15171 | D:10     | Entered Level 10 of the Dungeon
 15182 | D:10     | Noticed a +0 short sword
 15183 | D:10     | Noticed a +0 falchion
 15183 | D:10     | Noticed a +0 falchion
 15184 | D:10     | Noticed a +0 spear
 15184 | D:10     | Noticed a +0 dagger
 15185 | D:10     | Noticed a +0 short sword
 15186 | D:10     | Noticed a +0 dagger
 15186 | D:10     | Noticed a +0 spear
 15188 | D:10     | Found a hide-covered altar of Uskayaw.
 15453 | D:10     | Found Zuniant's Antique Armour Shoppe.
 16453 | D:10     | Learned a level 1 spell: Sandblast
 16483 | D:10     | Learned a level 3 spell: Stone Arrow
 16853 | D:10     | Bought an ominously black robe for 153 gold pieces
 16853 | D:10     | Identified the +1 robe of Wisdom {Dex+5} (You bought it in
                  | a shop on level 10 of the Dungeon)
 16939 | D:10     | Reached skill level 9 in Spellcasting
 17189 | D:11     | Noticed a two-headed ogre
 17428 | D:11     | Killed a two-headed ogre
 17429 | D:11     | Reached XP level 11. HP: 57/57 MP: 6/26
 17629 | D:11     | Found a staircase to the Orcish Mines.
 17633 | D:11     | Noticed a seven-headed hydra
 17648 | D:11     | Killed a seven-headed hydra
 17649 | D:11     | Reached skill level 5 in Dodging
 17650 | D:11     | Reached skill level 5 in Translocations
 17929 | D:11     | Noticed a four-headed hydra
 17938 | D:11     | Killed a four-headed hydra
 18141 | D:11     | Reached skill level 10 in Conjurations
 18266 | D:11     | Reached skill level 10 in Spellcasting
 18675 | D:12     | Reached skill level 11 in Spellcasting
 18675 | D:12     | Reached * piety under Vehumet
 18675 | D:12     | Offered knowledge of Foxfire by Vehumet.
 19176 | D:12     | Reached skill level 12 in Spellcasting
 19273 | D:12     | Noticed a two-headed ogre
 19277 | D:12     | Killed a two-headed ogre
 19605 | D:12     | Noticed a two-headed ogre
 19610 | D:12     | Killed a two-headed ogre
 19611 | D:12     | Reached skill level 13 in Spellcasting
 19865 | D:12     | Noticed a boulder beetle
 19881 | D:12     | Killed a boulder beetle
 20254 | D:12     | Reached skill level 14 in Spellcasting
 20675 | D:12     | Noticed a skeletal warrior
 20896 | D:12     | Noticed a skeletal warrior
 20896 | D:12     | Noticed a skeletal warrior
 20911 | D:12     | Killed a skeletal warrior
 20912 | D:12     | Reached XP level 12. HP: 62/62 MP: 7/32
 21322 | D:12     | Reached skill level 15 in Spellcasting
 21595 | D:13     | Noticed a two-headed ogre
 21599 | D:13     | Killed a two-headed ogre
 21603 | D:13     | Learned a level 1 spell: Foxfire
 21606 | D:13     | Learned a level 2 spell: Blink
 21630 | D:13     | Found a frozen archway.
 21631 | D:13     | Noticed a centaur warrior
 21692 | IceCv    | Entered an ice cave
 21845 | IceCv    | Reached skill level 1 in Fire Magic
 22362 | IceCv    | Identified the +10 short sword of Esoek {freeze, Str+8}
 22524 | D:13     | Killed a centaur warrior
 22643 | D:13     | Found a gate to the Vaults.
 22643 | D:13     | Noticed a boulder beetle
 22643 | D:13     | Noticed a vault guard
 22643 | D:13     | Noticed a vault guard
 22643 | D:13     | Noticed a vault guard
 22643 | D:13     | Noticed a boulder beetle
 22643 | D:13     | Noticed a vault guard
 22643 | D:13     | Noticed a death knight
 22648 | D:13     | Killed a boulder beetle
 22743 | D:13     | Killed a vault guard
 22936 | D:11     | Found a staircase to the Lair.
 23222 | Lair:1   | Entered Level 1 of the Lair of Beasts
 23300 | Lair:1   | Offered knowledge of Static Discharge by Vehumet.
 23422 | Lair:1   | Noticed a five-headed hydra
 23425 | Lair:1   | Killed a five-headed hydra
 23425 | Lair:1   | Reached ** piety under Vehumet
 23736 | Lair:1   | Found a dark tunnel.
 23745 | Volcano  | Entered a volcano
 23814 | Volcano  | Learned a level 2 spell: Passwall
 23840 | Volcano  | Noticed a two-headed ogre
 23844 | Volcano  | Killed a two-headed ogre
 24471 | Lair:1   | Reached XP level 13. HP: 72/72 MP: 29/34
 25304 | Lair:2   | Reached skill level 10 in Earth Magic
 25661 | Lair:2   | Identified the +2 leather armour "Niloth" {Fly rN+ MP-9}
 25777 | Lair:2   | Reached skill level 5 in Ranged Weapons
 25781 | Lair:2   | Offered knowledge of Conjure Flame by Vehumet.
 26846 | Lair:3   | Reached *** piety under Vehumet
 27295 | Lair:2   | Identified a scroll of acquirement
 27302 | Lair:2   | Acquired the +4 helmet "Kionantigu" {Str+4 Int+4}
 27331 | Lair:2   | Found a staircase to the Snake Pit.
 27603 | Lair:2   | Found a staircase to the Shoals.
 28183 | Lair:3   | Offered knowledge of Flame Wave by Vehumet.
 28576 | Lair:3   | Identified the +4 scale mail of Qoson {Int+3}
 29528 | Lair:4   | Reached **** piety under Vehumet
 29835 | Lair:4   | Learned a level 4 spell: Flame Wave
 29844 | Lair:4   | Learned a level 8 spell: Lehudib's Crystal Spear
 29868 | Lair:4   | Identified the +6 buckler "Jom Lyiw" {Dex+3}
 29880 | Lair:4   | Offered knowledge of Lee's Rapid Deconstruction by Vehumet.
 30499 | Lair:4   | Reached XP level 14. HP: 76/76 MP: 22/35
 30686 | Lair:4   | Noticed Urug
 30694 | Lair:4   | Killed Urug
 30929 | Lair:5   | Entered Level 5 of the Lair of Beasts
 31943 | Lair:5   | Reached skill level 10 in Ranged Weapons
 32710 | Lair:5   | Reached skill level 5 in Fighting
 32975 | Lair:5   | Found a viscous altar of Jiyva.
 32976 | Lair:5   | Found a staircase to the Slime Pits.
 33288 | Lair:5   | Found a burning altar of Makhleb.
 33513 | Lair:5   | Reached ***** piety under Vehumet
 33520 | Lair:5   | Offered knowledge of Ozocubu's Refrigeration by Vehumet.
 33697 | Lair:5   | Found a gateway to Hell.
 33697 | Lair:5   | Found the +8 trident of the Octopus King {venom, rElec
                  | rPois}
 34156 | Orc:1    | Entered Level 1 of the Orcish Mines
 34369 | Orc:1    | Noticed Nergalle
 34377 | Orc:1    | Killed Nergalle
 34463 | Orc:1    | Reached skill level 16 in Spellcasting
 34477 | Orc:1    | Learned a level 7 spell: Ozocubu's Refrigeration
 34663 | Orc:2    | Entered Level 2 of the Orcish Mines
 34780 | Orc:1    | Found a transporter.
 34780 | Orc:1    | Noticed a stone giant
 35202 | Orc:1    | Reached skill level 5 in Ice Magic
 35477 | Orc:1    | Found a transporter.
 35484 | Orc:1    | Noticed Fannar
 35486 | Orc:1    | Killed Fannar
 35607 | Orc:1    | Killed a stone giant
 36147 | Orc:2    | Found Zeher's Jewellery Shop.
 36147 | Orc:2    | Found Didghi's Book Emporium.
 36417 | Orc:2    | Reached XP level 15. HP: 84/84 MP: 5/37
 36653 | Orc:2    | Reached skill level 17 in Spellcasting
 37109 | Orc:2    | Noticed Nessos
 37247 | Orc:2    | Killed Nessos
 37387 | Orc:2    | Offered knowledge of Airstrike by Vehumet.
 37662 | Orc:2    | Found Joajil's Jewellery Boutique.
 37663 | Orc:2    | Found Vapaceqi's Antique Weapon Boutique.
 38145 | Orc:2    | Found a staircase to the Elven Halls.
 38358 | Orc:2    | Bought an amulet of the acrobat for 300 gold pieces
 38379 | Orc:2    | Bought the ring of the Griffon {rF+ rC+ Str+6} for 969 gold
                  | pieces
 38965 | D:13     | Noticed Rupert
 39192 | D:13     | Killed Rupert
 39474 | D:13     | Identified the ring of Uhyiq {rElec rCorr Str-2 Int+6}
 39950 | D:13     | Reached skill level 10 in Dodging
 41136 | D:14     | Reached skill level 18 in Spellcasting
 42779 | D:14     | Reached skill level 1 in Shields
 43628 | D:14     | Offered knowledge of Eringya's Noxious Bog by Vehumet.
 44443 | D:13     | Identified the +12 flail of Sharkskin {freeze, rElec}
 44567 | D:15     | Entered Level 15 of the Dungeon
 44567 | D:15     | Noticed a lich
 44567 | D:15     | Noticed a lich
 44567 | D:15     | Noticed Kuralita's ghost (journeyman OpTm)
 44567 | D:15     | Noticed Jafel's ghost (journeyman DgEE)
 44567 | D:15     | Noticed a lich
 44567 | D:15     | Found a runed translucent gate.
 44567 | D:15     | Found a runed translucent gate.
 44567 | D:15     | Found an ancient bone altar of Kikubaaqudgha.
 44567 | D:15     | Found a runed translucent gate.
 44575 | D:15     | Reached skill level 1 in Armour
 44729 | D:15     | Reached XP level 16. HP: 88/88 MP: 17/40
 44819 | D:15     | Found a flickering gateway to a bazaar.
 44835 | Bazaar   | Entered a bazaar
 44835 | Bazaar   | Found Adeqec's Antique Armour Shop.
 45023 | Bazaar   | Found Ocygg's Weapon Shop.
 45024 | Bazaar   | Found Kinnuej's Assorted Antiques.
 45032 | Bazaar   | Found Vocw's Distillery.
 45040 | Bazaar   | Found Ozodgh's Antique Armour Shoppe.
 45048 | Bazaar   | Bought a twisted leather armour for 196 gold pieces
 45048 | Bazaar   | Identified the +3 leather armour of Piptyella {Will+ Slay+3
                  | Stlth+} (You bought it in a shop in a bazaar)
 45058 | Bazaar   | Bought a glowing robe for 103 gold pieces
 45081 | Bazaar   | Bought a potion of heal wounds for 75 gold pieces
 45081 | Bazaar   | Bought a potion of mutation for 120 gold pieces
 45211 | D:15     | Noticed Jorgrun
 45215 | D:15     | Killed Jorgrun
 46139 | D:15     | Found a staircase to the Depths.
 46305 | D:14     | Killed a lich
 46308 | D:14     | Killed Jafel's ghost
 46654 | D:14     | Killed a lich
 46655 | D:14     | Reached skill level 5 in Armour
 46656 | D:14     | Killed a lich
 46948 | D:15     | Killed Kuralita's ghost
 46957 | D:15     | Identified the ring of the Cockatrice {EV+4 Str+3}
 46966 | D:15     | Identified the +2 pair of boots of Valour {Contam +Blink
                  | rElec rN+++}
 47188 | Depths:1 | Entered Level 1 of the Depths
 47371 | Depths:1 | Noticed Louise
 47380 | Depths:1 | Killed Louise
 47746 | Snake:1  | Entered Level 1 of the Snake Pit
 47860 | Snake:1  | Found Qetep's Antique Weapon Emporium.
 47966 | Snake:1  | Reached skill level 5 in Evocations
 49060 | Snake:1  | Found Gackosits's Antique Weapon Shoppe.
 49239 | Snake:1  | Bought a masterwork demon blade for 440 gold pieces
 49239 | Snake:1  | Identified the +11 demon blade of Diet Blood {flame, rC++
                  | rCorr} (You bought it in a shop on level 1 of the Snake
                  | Pit)
 49527 | Snake:2  | Reached skill level 1 in Long Blades
 49970 | Snake:2  | Found a shimmering altar of Xom.
 50610 | Snake:2  | Found a bloodstained altar of Trog.
 51549 | Snake:2  | Found Sagiodghee's Jewellery Shop.
 51549 | Snake:2  | Found Wacokeup's Book Shoppe.
 51550 | Snake:2  | Found Heher's Book Shoppe.
 51616 | Snake:3  | Offered knowledge of Iskenderun's Battlesphere by Vehumet.
 52305 | Snake:2  | Bought a book of Unlife for 504 gold pieces
 52311 | Snake:2  | Learned a level 5 spell: Borgnjor's Vile Clutch
 52347 | Snake:3  | Reached skill level 1 in Necromancy
 52349 | Snake:3  | Reached XP level 17. HP: 83/92 MP: 9/41
 53576 | Snake:3  | Noticed Aizul
 53581 | Snake:3  | Killed Aizul
 53775 | Snake:3  | Reached skill level 5 in Necromancy
 53928 | Snake:4  | Entered Level 4 of the Snake Pit
 53966 | Snake:4  | Noticed Kirke
 54227 | Snake:4  | Killed Kirke
 55541 | Snake:4  | Noticed Mlioglotl
 55698 | Snake:4  | Killed Mlioglotl
 56106 | Snake:4  | Reached skill level 10 in Necromancy
 57698 | Snake:4  | Offered knowledge of Conjure Ball Lightning by Vehumet.
 60617 | Snake:4  | Reached XP level 18. HP: 89/101 MP: 23/42
 60635 | Snake:4  | Reached skill level 15 in Conjurations
 60823 | Snake:4  | Got a serpentine rune of Zot
 61249 | Shoals:1 | Entered Level 1 of the Shoals
 61299 | Shoals:1 | Reached skill level 19 in Spellcasting
 61920 | Shoals:1 | Found Cudaysang's Gadget Gallery.
 62270 | Shoals:2 | Noticed Ilsuiw
 62270 | Shoals:2 | You fall into a shaft and drop 1 floor!
 62270 | Shoals:3 | Noticed Polyphemus
 62278 | Shoals:3 | Identified Roxanne's Anthology of Moulding
 62278 | Shoals:3 | Noticed Roxanne
 62952 | Shoals:2 | Noticed Frances
 62954 | Shoals:2 | Killed Frances
 63096 | Shoals:2 | Reached skill level 10 in Ice Magic
 64489 | Shoals:2 | Killed Ilsuiw
 64714 | Shoals:3 | Killed Polyphemus
 64945 | Shoals:3 | Offered knowledge of Freezing Cloud by Vehumet.
 65365 | Shoals:3 | Reached skill level 5 in Stealth
 66031 | Shoals:3 | Killed Roxanne
 66092 | Shoals:3 | Learned a level 6 spell: Statue Form
 66166 | Shoals:3 | Noticed Bai Suzhen
 66406 | Shoals:4 | Entered Level 4 of the Shoals
 66414 | Shoals:4 | Reached skill level 1 in Transmutations
 66674 | Shoals:4 | Found the +8 Wrath of Trog {antimagic, *Rage Rampage}
 67484 | Shoals:4 | Reached XP level 19. HP: 88/105 MP: 12/44
 67784 | Shoals:4 | Offered knowledge of Orb of Destruction by Vehumet.
 67785 | Shoals:4 | Reached skill level 5 in Transmutations
 67837 | Shoals:3 | Killed Bai Suzhen
 68580 | Shoals:4 | Found Oceuv's Magic Scroll Shop.
 68591 | Shoals:4 | Bought a scroll of fear for 56 gold pieces
 68591 | Shoals:4 | Bought a scroll of fear for 56 gold pieces
 68591 | Shoals:4 | Bought a scroll of poison for 56 gold pieces
 68591 | Shoals:4 | Bought a scroll of teleportation for 42 gold pieces
 68591 | Shoals:4 | Bought a scroll of blinking for 105 gold pieces
 68859 | Shoals:4 | Got a barnacled rune of Zot
 70198 | Vaults:1 | Entered Level 1 of the Vaults
 70210 | Vaults:1 | Reached skill level 1 in Short Blades
 71530 | Vaults:1 | Reached skill level 5 in Long Blades
 72222 | Vaults:1 | Found the +5 lochaber axe {reach-cleave, poleaxe}
 73025 | Vaults:2 | Reached skill level 15 in Earth Magic
 73327 | Vaults:2 | Reached skill level 20 in Spellcasting
 73388 | Vaults:2 | Reached ****** piety under Vehumet
 74231 | Vaults:2 | Reached XP level 20. HP: 114/114 MP: 37/46
 74652 | Vaults:2 | Reached skill level 21 in Spellcasting
 74985 | Vaults:2 | Offered knowledge of Shatter by Vehumet.
 74985 | Vaults:2 | Offered knowledge of Chain Lightning by Vehumet.
 74985 | Vaults:2 | Offered knowledge of Polar Vortex by Vehumet.
 76406 | Vaults:2 | Found a staircase to the Crypt.
 76646 | Vaults:3 | Found a magical portal.
 76768 | WizLab   | Entered Eringya's Formal Garden
 78360 | WizLab   | Found a blossoming altar of Fedhas.
 78590 | Vaults:3 | Reached skill level 10 in Transmutations
 79568 | Vaults:3 | Reached XP level 21. HP: 118/118 MP: 41/48
 79633 | Vaults:3 | Reached skill level 10 in Stealth
 80230 | Vaults:3 | Identified the +9 giant spiked club "Beastslayer" {vorpal,
                  | Str+4 Dex+2}
 81205 | Snake:2  | Bought a manual of Summonings for 800 gold pieces
 81213 | Snake:2  | Learned a level 7 spell: Spellforged Servitor
 81649 | Vaults:3 | Reached skill level 1 in Summonings
 82016 | Vaults:4 | Found a crumbling gateway.
 82025 | Desolati | Entered the Desolation of Salt
 82107 | Desolati | Reached skill level 5 in Summonings
 82297 | Desolati | Identified the ring "Taurupibait" {rPois rC+ rN+ AC+4}
 82431 | Desolati | Identified the +9 battleaxe of Yryhil {elec, Int+4}
 82433 | Desolati | Identified the ring "Etzuliuh" {MP+9 EV+4 Str+6}
 82435 | Desolati | Identified the ring of Monotheism {rPois rN++}
 82449 | Desolati | Identified the amulet "Jurynk" {Spirit rF- Int+7}
 82451 | Desolati | Identified the amulet "Kom Dyv" {RegenMP rF++ rCorr MP+9}
 83747 | Desolati | Identified the ring of the Skies Above {rPois rN+}
 83750 | Desolati | Identified the ring of Fragile Peace {Dex+6 Stlth+}
 83851 | Desolati | Identified the ring "Huat Lac" {Fire rCorr Str-3 Int-4
                  | SInv}
 83852 | Desolati | Identified the ring "Exeel" {Str+6 Int-2 Dex+4 Stlth+}
 83854 | Desolati | Identified the ring "Zaneusau" {Fly rCorr Str+2}
 83977 | Vaults:4 | Noticed a dread lich
 83990 | Vaults:4 | Paralysed by something for 4 turns
 84019 | Vaults:4 | Reached skill level 10 in Summonings
 84796 | Vaults:4 | Killed a dread lich
 84959 | Vaults:4 | Acquired 765 gold pieces
 85879 | Elf:1    | Entered Level 1 of the Elven Halls
 85890 | Elf:1    | Reached XP level 22. HP: 125/125 MP: 44/49
 86631 | Elf:1    | Found a radiant altar of Vehumet.
 87320 | Elf:1    | Identified the +7 sling "Hydrabane" {vorpal, rF- rN+++
                  | Int+6}
 88294 | Elf:2    | Reached skill level 22 in Spellcasting
 88313 | Elf:1    | Learned a level 9 spell: Shatter
 88683 | Elf:2    | Found a huge runed translucent gate.
 88683 | Elf:2    | Found a huge runed translucent gate.
 88683 | Elf:2    | Found a huge runed translucent gate.
 88683 | Elf:2    | Found a huge runed translucent gate.
 88687 | Elf:2    | Found a huge runed translucent gate.
 89434 | Elf:3    | Entered Level 3 of the Elven Halls
 89462 | Elf:3    | Noticed Zenata
 89466 | Elf:3    | Killed Zenata
 90559 | Elf:3    | Identified the +4 troll leather armour of Disguise {rF+
                  | Regen+}
 90559 | Elf:3    | Identified the ring of Paajyces {*Slow rPois Will++}
 90572 | Elf:3    | Identified the +8 falchion of Karma {drain, rElec rF+
                  | Str+3}
 90630 | Elf:3    | Identified the +3 dire flail "Hussaot" {vorpal, Will+
                  | Dex+2}
 90632 | Elf:3    | Reached skill level 10 in Evocations
 91044 | Elf:3    | Identified the +10 trident of Trauma {freeze, *Noise rC+
                  | rN+}
 91239 | Elf:3    | Reached XP level 23. HP: 130/130 MP: 51/51
 91284 | Elf:3    | Got Ged Casa's Spellbook of the Combative Congregation
 91285 | Elf:3    | Found the +3 pair of seven-league boots {Rampage+∞}
 91286 | Elf:3    | Got the Octavo of Dark Blasting
 91325 | Elf:3    | Got Sif Muna's Book of the Tempest and Iniquitous Arts
 91326 | Elf:3    | Identified the ring of Jetwar {Ice Str+2}
 91330 | Elf:3    | Got the Folio of Doomed Rime
 91333 | Elf:3    | Got the Codex of the Gelid Jaunt
 91886 | Slime:1  | Entered Level 1 of the Pits of Slime
 92701 | Slime:1  | Reached skill level 23 in Spellcasting
 94191 | Slime:5  | Entered Level 5 of the Pits of Slime
 94470 | Slime:4  | Reached skill level 24 in Spellcasting
 94874 | Slime:5  | Noticed the Royal Jelly
 96927 | Slime:5  | Found a viscous altar of Jiyva.
 97838 | Depths:1 | Found a one-way gate to the infinite horrors of the Abyss.
 97893 | Depths:1 | Reached skill level 25 in Spellcasting
 98041 | Depths:1 | Got the Precepts of the Calorific Grave
 98086 | Depths:1 | Found Big Baal Hell's Store.
 98743 | Depths:1 | Reached skill level 26 in Spellcasting
 98983 | Depths:2 | Noticed Asterion
 99002 | Depths:2 | Killed Asterion
100168 | Depths:2 | Found a one-way gate leading to the halls of Pandemonium.
100343 | Depths:3 | Reached skill level 27 in Spellcasting
100346 | Depths:3 | Found a sacrificial altar of Ru.
100347 | Depths:3 | Reached XP level 24. HP: 110/135 MP: 22/56
100543 | Depths:3 | Reached skill level 10 in Fighting
100710 | Depths:3 | Identified the +3 leather armour of the Land of Plenty {rN+
                  | Int+2}
101008 | Depths:3 | Got the Tome of the Lethal Traveller
101231 | Depths:3 | Found a one-way gateway to a ziggurat.
101325 | Depths:3 | Found a corrupted altar of Lugonu.
101654 | Depths:4 | Entered Level 4 of the Depths
101710 | Depths:4 | Noticed a juggernaut
101711 | Depths:4 | Found a gate to the Realm of Zot.
101721 | Depths:4 | Killed a juggernaut
101892 | Depths:3 | Learned a level 9 spell: Polar Vortex
101896 | Depths:4 | Reached skill level 15 in Ice Magic
102344 | Depths:4 | Found Lirul's Antique Weapon Shop.
102620 | Depths:4 | Found Mado's General Store.
102620 | Depths:4 | Found Zeeclem's Weapon Shop.
102622 | Depths:4 | Found Pepsulue's General Store.
102628 | Depths:4 | Bought a potion of mutation for 136 gold pieces
102628 | Depths:4 | Bought a scroll of teleportation for 51 gold pieces
102636 | Depths:4 | Bought a potion of mutation for 112 gold pieces
102933 | Depths:4 | Found a white marble altar of Elyvilon.
103615 | Vaults:5 | Entered Level 5 of the Vaults
103691 | Vaults:5 | Identified the +3 falchion "Wuur" {pain, Int+4}
103878 | Vaults:5 | Noticed Mennas
103883 | Vaults:5 | Reached XP level 25. HP: 67/141 MP: 56/56
103902 | Vaults:5 | Noticed an ancient lich
103907 | Vaults:5 | Killed an ancient lich
103918 | Vaults:5 | Noticed an ancient lich
104006 | Vaults:5 | Killed Mennas
104019 | Vaults:5 | Noticed Sojobo
104058 | Vaults:5 | Killed Sojobo
104206 | Vaults:5 | Noticed Boris
104210 | Vaults:5 | Killed Boris
104343 | Vaults:5 | Acquired the +4 buckler of the Dungeon {rC+ Will+ Int+6}
104365 | Vaults:5 | Killed an ancient lich
104495 | Vaults:5 | Identified the +8 chain mail of Anuo {+Inv Dex+4}
105066 | Vaults:5 | Got a silver rune of Zot
105721 | Zot:1    | Entered Level 1 of the Realm of Zot
107345 | Crypt:1  | Entered Level 1 of the Crypt
107416 | Crypt:1  | Found a transporter.
107428 | Crypt:1  | Found a shimmering blue altar of Sif Muna.
107741 | Crypt:1  | Found a transporter.
107746 | Crypt:1  | Identified the +2 shortbow "Deabas" {vorpal, rC- Str+5
                  | Dex+2 SInv}
108485 | Crypt:2  | Learned a level 8 spell: Necromutation
108914 | Crypt:3  | Entered Level 3 of the Crypt
109417 | Crypt:3  | Identified the ring "Gurch" {rElec rPois rN+ Int-5}
109492 | Crypt:3  | Reached XP level 26. HP: 148/148 MP: 48/56
109559 | Crypt:3  | Found an ancient bone altar of Kikubaaqudgha.
110092 | Crypt:3  | Noticed a dread lich
110096 | Crypt:3  | Killed a dread lich
110108 | Crypt:3  | Identified the +1 scale mail of Sif Muna's Castigation
                  | {Rampage rF++ Str-3 SInv}
110412 | Crypt:3  | Found a staircase to the Tomb.
110477 | Crypt:3  | Identified the ring of the Briny Deep {rN+ Int+5 Slay+5}
110691 | Crypt:3  | Reached skill level 15 in Dodging
110726 | Crypt:3  | Found the +8 whip "Snakebite" {venom, curare, rPois}
110952 | Tomb:1   | Entered Level 1 of the Tomb of the Ancients
111797 | Slime:5  | Got a slimy rune of Zot
111833 | Slime:5  | Got the Octavo of the Blizzard and Shaping
111879 | Slime:5  | Killed the Royal Jelly
112049 | Slime:5  | Identified the ring "Sukirer" {*Corrode rElec rF- Int+6
                  | Dex+6}
112076 | Slime:5  | Identified the +1 leather armour of Panentheism {rN+ Str+2}
112079 | Slime:5  | Got the Directory of Mezcal
112336 | Hell     | Entered the Vestibule of Hell
112336 | Hell     | Noticed Geryon
112344 | Hell     | Killed Geryon
113540 | Hell     | Found a gateway to the Iron City of Dis.
113545 | Hell     | Reached skill level 15 in Transmutations
113611 | Lair:5   | Lost mutation: You do not regenerate when monsters are
                  | visible. [potion of mutation]
113611 | Lair:5   | Lost mutation: You are partially covered in iridescent
                  | scales. (AC +2) [potion of mutation]
113611 | Lair:5   | Gained mutation: You are frail. (-10% HP) [potion of
                  | mutation]
113611 | Lair:5   | Gained mutation: Your muscles are strong. (Str +4, Int/Dex
                  | -1) [potion of mutation]
113612 | Lair:5   | Lost mutation: Your muscles are strong. (Str +4, Int/Dex
                  | -1) [potion of mutation]
113612 | Lair:5   | Lost mutation: You are frail. (-10% HP) [potion of
                  | mutation]
113612 | Lair:5   | Gained mutation: Your body sometimes deteriorates upon
                  | taking damage. [potion of mutation]
113612 | Lair:5   | Gained mutation: You are partially covered in iridescent
                  | scales. (AC +2) [potion of mutation]
113613 | Lair:5   | Lost mutation: You are partially covered in iridescent
                  | scales. (AC +2) [potion of mutation]
113613 | Lair:5   | Lost mutation: Your body sometimes deteriorates upon taking
                  | damage. [potion of mutation]
113613 | Lair:5   | Gained mutation: You have a beak for a mouth. [potion of
                  | mutation]
113613 | Lair:5   | Gained mutation: You are strong-willed. (Will+) [potion of
                  | mutation]
113613 | Lair:5   | Gained mutation: You expend magic power (3 MP) to
                  | strengthen your wands. [potion of mutation]
113614 | Lair:5   | Lost mutation: You are strong-willed. (Will+) [potion of
                  | mutation]
113614 | Lair:5   | Lost mutation: You expend magic power (3 MP) to strengthen
                  | your wands. [potion of mutation]
113614 | Lair:5   | Gained mutation: You have a pair of small antennae on your
                  | head. [potion of mutation]
113615 | Lair:5   | Lost mutation: You have a beak for a mouth. [potion of
                  | mutation]
113615 | Lair:5   | Lost mutation: You have a pair of small antennae on your
                  | head. [potion of mutation]
113615 | Lair:5   | Gained mutation: Your system is resistant to poisons.
                  | (rPois) [potion of mutation]
113615 | Lair:5   | Gained mutation: Armour fits poorly on your strangely
                  | shaped body. [potion of mutation]
113615 | Lair:5   | Gained mutation: You occasionally lose the ability to drink
                  | potions when taking damage. [potion of mutation]
113616 | Lair:5   | Lost mutation: You occasionally lose the ability to drink
                  | potions when taking damage. [potion of mutation]
113616 | Lair:5   | Lost mutation: Armour fits poorly on your strangely shaped
                  | body. [potion of mutation]
113616 | Lair:5   | Lost mutation: Your system is resistant to poisons. (rPois)
                  | [potion of mutation]
113616 | Lair:5   | Gained mutation: Your muscles are strong. (Str +4, Int/Dex
                  | -1) [potion of mutation]
113616 | Lair:5   | Gained mutation: Your system is resistant to poisons.
                  | (rPois) [potion of mutation]
113758 | Hell     | Found a gateway to the decaying netherworld of Tartarus.
113888 | Hell     | Found a gateway to the ashen valley of Gehenna.
113902 | Geh:1    | Entered Level 1 of Gehenna
114311 | Geh:2    | You fall into a shaft and drop 2 floors!
114769 | Hell     | Found a gateway to the freezing wastes of Cocytus.
114936 | Coc:1    | Entered Level 1 of Cocytus
116017 | Depths:1 | Voluntarily entered the Abyss.
116063 | Abyss:1  | Reached XP level 27. HP: 69/74 MP: 55/56
116186 | Abyss:1  | Found a corrupted altar of Lugonu.
116964 | Abyss:1  | Reached skill level 10 in Long Blades
117057 | Abyss:1  | Reached skill level 5 in Shields
117084 | Abyss:2  | Found a corrupted altar of Lugonu.
117094 | Abyss:2  | Found a burning altar of Makhleb.
117884 | Abyss:2  | Noticed an ancient lich
117891 | Abyss:2  | Killed an ancient lich
118647 | Abyss:2  | Noticed an ancient lich
118665 | Abyss:2  | Killed an ancient lich
118666 | Abyss:2  | Reached skill level 15 in Stealth
119314 | Abyss:3  | Learned a level 1 spell: Apportation
119578 | Abyss:3  | Noticed a dread lich
119592 | Abyss:3  | Killed a dread lich
119668 | Abyss:3  | Noticed a dread lich
119672 | Abyss:3  | Killed a dread lich
120044 | Abyss:3  | Noticed an ancient lich
120047 | Abyss:3  | Killed an ancient lich
120184 | Depths:1 | Escaped the Abyss
120385 | Depths:1 | Voluntarily entered the Abyss.
120391 | Abyss:3  | Paralysed by accursed screaming for 1 turns
121779 | Depths:1 | Escaped the Abyss
122438 | Coc:5    | Paralysed by a wendigo for 1 turns
122443 | Coc:5    | HP: 6/156 [shard shrike (7)]
122443 | Coc:5    | Slain by a shard shrike

Illustrated notes

Levels and vault maps discovered:
D:1:      ldierk_walled_garden, layout_loops_corners,
          shapermc_ecumenical_altar_hornbeckon, serial_rivers,
          chequers_serial_rivers_micro_c, chequers_serial_rivers_micro_b,
          chequers_serial_rivers_micro_b, chequers_serial_rivers_micro_a,
          chequers_serial_rivers_small_3, chequers_serial_rivers_micro_e,
          nicolae_wormholes
D:2:      layout_basic, uniq_robin
D:3:      minmay_door_path, layout_loops_cross, pdpol_wu_jian_five_deadly_venoms
D:4:      layout_gridville, lemuel_crystal_altar, ashenzari_altar_1,
          old_standard_altar, trog_ov_bears_minmay, marbit_many_paths,
          uniq_menkaure
D:5:      nicolae_cairo_tiling_very_big, layout_loops_ring, serial_shops,
          kennysheep_mini_moat
D:6:      layout_basic
D:7:      layout_layer_cave, minmay_temple_entry_drinking_statues, uniq_joseph
D:8:      layout_gridville, amcnicky_mini_corridor_feature
D:9:      layout_basic, grunt_temple_overflow_magic_moments,
          small_chamber_with_monster, bh_circular_ruins
D:10:     layout_irregular_city, nicolae_uskayaw_en_pointe, serial_shops, shop
D:11:     layout_irregular_city, grunt_lair_entry_orc_guard_hut, orc_0_dummy
D:12:     layout_stronghold, kennysheep_nondescript
D:13:     cheibrodos_quadrivalence, layout_grid_maze,
          lightli_vaults_fourway_checkpoint, portal_ice_cave_entry_pillars_1,
          minmay_gold_behind_fungi, uniq_rupert
D:14:     layout_stronghold, columned_hall_lemuel
D:15:     grunt_enter_depths_hoard, layout_cave_pools, moated_statue,
          gammafunk_ghost_crypt, serial_shops, bzr_entry_customers,
          chequers_serial_rivers_micro_b, uniq_jorgrun
Temple:   nicolae_temple_x_marks_the_god
Lair:1:   layout_chaotic_city, nicolae_volcano_entry_two_sided
Lair:2:   layout_roguey, minmay_shoals_entry_hut,
          minmay_snake_entry_guardpost_medium, cheibrodos_lair_caveside_slide
Lair:3:   layout_gridlike
Lair:4:   layout_roguey, uniq_urug
Lair:5:   evil_forest, layout_gridlike, slime_entry_1, grunt_megastairs_3
Shoals:1: layout_shoals, nicolae_shop_gadgets
Shoals:2: layout_shoals, uniq_ilsuiw, uniq_frances
Shoals:3: layout_shoals, nicolae_shoals_kraken_intersection, uniq_polyphemus,
          uniq_bai_suzhen, uniq_roxanne
Shoals:4: shoals_end_grunt_ice, layout_shoals, serial_shops,
          nicolae_square_shop, nicolae_shoals_kraken_party
Snake:1:  layout_rooms, serial_shops, shop, shop, nicolae_snake_dead_anacondas
Snake:2:  layout_rooms, basic_altar, st_stairs_9, lemuel_oklob_altar,
          minmay_shop_grove, grunt_megastairs_2, serial_bayou_shore_b
Snake:3:  layout_rooms, nicolae_snake_gridmaze_waves, uniq_aizul
Snake:4:  grunt_snake_rune_spirals, layout_onion, st_stairs_5,
          grunt_ministairs_8, serial_bayou_lake_a, serial_bayou_shore_b,
          uniq_kirke, uniq_mlioglotl
Slime:1:  layout_caves
Slime:2:  layout_caves
Slime:3:  layout_caves
Slime:4:  layout_caves, cheibrodos_slime_lost_civilization_7
Slime:5
Orc:1:    gammafunk_beogh_shrine, layout_diamond_mine, uniq_fannar,
          uniq_nergalle
Orc:2:    st_orc_open, layout_diamond_mine, elves_outpost_lemuel, uniq_nessos
Elf:1:    eino_elf_arrival_the_gate, layout_loops_ring, basic_altar,
          kennysheep_underground_church, corexii_hall_statues_x
Elf:2:    elven_hall_of_blades_hangedman_alternative
          [nicolae_blade_entry_antechamber], layout_rooms
Elf:3:    minmay_elf_hall_dome, layout_rooms, uniq_zenata
Vaults:1: v_alt_pattern_4, nicolae_vaults_border_crossing, v_alt_pattern_6,
          ontoclasm_vaults_shuriken, v_pattern_1, layout_vaults_quadrants
Vaults:2: nicolae_vaults_arrows, hangedman_vaults_pinch,
          hangedman_vaults_stagger, vaults_dpeg_emergency_exit,
          hangedman_vaults_impose, v_misc_15, nicolae_vaults_little_ls,
          minmay_crypt_entry_skeletal_spiral, hangedman_vaults_river_flow,
          nicolae_vaults_theta, v_misc_14, layout_vaults_omnicross
Vaults:3: infiniplex_enter_wizlab_water, nicolae_vaults_theta,
          nicolae_vaults_yaktaur_gun_rack, ontoclasm_vaults_ring_large,
          hangedman_vaults_trim, ontoclasm_vaults_idyll,
          hangedman_vaults_variations, ontoclasm_vaults_ring_square, v_misc_4,
          st_eye, v_misc_12, v_misc_30, nicolae_vaults_little_squares_1,
          ontoclasm_vaults_decontamination, nicolae_vaults_little_squares_1,
          layout_vaults_omnibox
Vaults:4: portal_desolation_entry_ruin, vaults_dpeg_hooks, v_alt_pattern_4,
          vaults_standard_mumra_enter_the_diamond, vaults_dpeg_diagonal,
          vaults_mumra_bighexcomb, ontoclasm_vaults_ligature,
          nicolae_vaults_mini_display_case, nicolae_vaults_ring_of_whatevers,
          layout_vaults_big_room
Vaults:5: serial_shops, uniq_mennas, uniq_boris, uniq_sojobo
Crypt:1:  gammafunk_sealed_library, layout_rooms
Crypt:2:  layout_rooms, eino_tiny_chamber, roderic_lattice_octagonal_star
Crypt:3:  evilmike_haunted_forest
Tomb:1
Depths:1: layout_cave_shapes, nicolae_hell_entry_big_baal_hell,
          nicolae_abyss_entry_one_way_or_another,
          chequers_serial_rivers_micro_e, minmay_alternating_orb
Depths:2: dreamdust_tengu_aerie, layout_cave_shapes, hell_entry,
          grunt_pan_entry_sceptre, minmay_misc_feat_x, st_stairs_6,
          infiniplex_staircase_spiral, uniq_asterion
Depths:3: minmay_the_grid_3x2 [minmay_the_grid_zigzag_pyramid,
          minmay_the_grid_stretched_grid, minmay_the_grid_medium_cups,
          minmay_the_grid_tiny_cups, minmay_the_grid_plusring,
          minmay_the_grid_prize_inner_circle], layout_gridville,
          enter_ziggurat_f, minmay_curled_crystal, abyss_entry_flame_altar,
          grunt_mini_vestibule, nicolae_ru_awakened_eye, minmay_staircase_bubble
Depths:4: grunt_twist_and_shout, layout_gridlike, hell_entry,
          lemuel_statue_altar, minmay_shoptagon
Hell
Geh:1:    layout_gehenna_lava_caves
Geh:2:    layout_gehenna_pools_triple
Geh:4:    nicolae_geh_gridlava [nicolae_sub_geh_gridintersect,
          nicolae_sub_geh_gridintersect, nicolae_sub_geh_gridintersect,
          nicolae_sub_geh_gridintersect], layout_gehenna_pools_basic
Coc:1:    layout_cocytus_water_paths
Coc:2:    layout_ice_bergs
Coc:3:    layout_cocytus_delve, serial_ice, serial_ice_m, serial_ice_d,
          serial_ice_a, serial_ice_h
Coc:4:    layout_cocytus_water_paths
Coc:5:    layout_cocytus_water_paths
Zot:1:    layout_misc_corridors

Skill      XL: |  1  2  3  4  5  6  7  8  9 10 11 12 13 14 15 16 17 18 19 20 21 22 23 24 25 26 27 |
---------------+----------------------------------------------------------------------------------+-----
Conjurations   | 5 6 8 9 10 12 14 15 16 | 16.3
Poison Magic   | 1 2 3 4 |  4.6
Air Magic      | 1 3 4 |  4.2
Spellcasting   | 4 5 7 9 14 15 16 18 19 20 21 22 27 | 27.0
Ice Magic      | 1 3 4 6 8 9 11 18 22 | 22.4
Earth Magic    | 4 7 8 9 11 13 14 15 17 18 20 | 20.5
Evocations     | 2 7 9 10 11 | 11.0
Fighting       | 1 2 4 5 7 8 9 10 11 13 | 13.2
Dodging        | 3 4 5 8 11 12 13 14 15 | 15.6
Ranged Weapons | 1 3 9 10 13 | 13.0
Translocations | 1 4 5 |  5.3
Fire Magic     | 3 |  3.2
Stealth        | 4 7 9 12 13 19 | 19.3
Shields        | 3 4 7 |  7.7
Armour         | 2 5 6 8 9 |  9.6
Long Blades    | 3 6 8 13 | 13.9
Necromancy     | 2 11 13 | 13.6
Transmutations | 4 7 10 15 | 15.0
Short Blades   | 1 |  1.0
Summonings     | 12 14 | 14.9

Action                   |  1- 3 |  4- 6 |  7- 9 | 10-12 | 13-15 | 16-18 | 19-21 | 22-24 | 25-27 || total
-------------------------+-------+-------+-------+-------+-------+-------+-------+-------+-------++-------
Melee: Unarmed           |     2 |       |       |       |       |       |       |       |       ||     2
       Dagger            |    25 |       |       |       |       |       |       |       |       ||    25
       Punch             |     1 |       |       |       |       |       |       |       |       ||     1
       Trident           |       |       |       |       |       |    51 |       |       |       ||    51
       Demon blade       |       |       |       |       |       |     3 |   104 |    18 |   970 ||  1095
       Staff             |       |       |       |       |       |       |    42 |     8 |    47 ||    97
 Fire: Sling             |       |    13 |     8 |       |       |       |       |    93 |       ||   114
       Shortbow          |       |       |    57 |    76 |       |       |       |       |       ||   133
       Longbow           |       |       |       |    10 |   375 |       |       |       |       ||   385
 Cast: Magic Dart        |    59 |    50 |   112 |    31 |    34 |   100 |    75 |   119 |   161 ||   741
       Searing Ray       |     4 |    14 |    45 |    33 |    15 |    13 |     7 |       |       ||   131
       Poisonous Vapours |       |     6 |    37 |    22 |    14 |       |       |       |       ||    79
       Frozen Ramparts   |       |     1 |     9 |    22 |    29 |    25 |    23 |     6 |     1 ||   116
       Stone Arrow       |       |       |       |    40 |    42 |    28 |    18 |     1 |       ||   129
       Iron Shot         |       |       |       |    72 |   224 |   445 |   336 |   218 |   483 ||  1778
       Iskenderun's Myst |       |       |       |     7 |    41 |    33 |    88 |    30 |    82 ||   281
       Sandblast         |       |       |       |     1 |       |       |       |       |       ||     1
       Foxfire           |       |       |       |    14 |       |       |       |       |       ||    14
       Passwall          |       |       |       |     4 |       |     2 |       |       |     2 ||     8
       Blink             |       |       |       |     1 |     1 |       |       |     1 |     1 ||     4
       Lehudib's Crystal |       |       |       |       |    41 |    35 |    95 |   289 |   307 ||   767
       Ozocubu's Refrige |       |       |       |       |    10 |    66 |    81 |    85 |    12 ||   254
       Borgnjor's Vile C |       |       |       |       |       |     1 |       |     2 |     5 ||     8
       Statue Form       |       |       |       |       |       |       |     8 |     3 |       ||    11
       Spellforged Servi |       |       |       |       |       |       |    19 |    43 |    69 ||   131
       Shatter           |       |       |       |       |       |       |       |    65 |   131 ||   196
       Polar Vortex      |       |       |       |       |       |       |       |       |    13 ||    13
       Necromutation     |       |       |       |       |       |       |       |       |    88 ||    88
 Abil: Evoke Blink       |       |       |       |       |       |     1 |       |     2 |     5 ||     8
Evoke: Wand              |       |       |    14 |     9 |    18 |    28 |    15 |     1 |    12 ||    97
       Phantom mirror    |       |       |       |       |       |       |       |     1 |     1 ||     2
       Condenser vane    |       |       |       |       |       |       |       |     1 |     1 ||     2
  Use: Scroll            |     5 |     4 |    11 |     9 |    18 |     7 |     9 |    13 |    16 ||    92
       Potion            |     2 |     1 |     1 |    11 |     3 |     3 |     4 |     6 |    18 ||    49
 Stab: Sleeping          |       |       |       |       |       |     2 |     1 |       |     4 ||     7
       Paralysed         |       |       |       |       |       |     3 |     4 |       |       ||     7
       Distracted        |       |       |       |       |       |       |     1 |       |     6 ||     7
Armor: Robe              |     2 |     8 |    26 |    48 |    83 |       |       |       |       ||   167
       Leather armour    |       |       |       |       |       |   118 |    66 |    17 |       ||   201
       Skin              |       |       |       |       |       |       |   112 |   110 |       ||   222
       Troll leather arm |       |       |       |       |       |       |       |   100 |   648 ||   748
Dodge: Dodged            |    11 |    13 |    73 |   130 |   233 |   241 |   249 |   233 |   713 ||  1896
Block: Buckler           |       |       |       |       |       |   178 |   220 |   168 |   475 ||  1041
